 Dungeon Crawl Stone Soup version 0.32-a0-485-g70f7560b1c (webtiles) character file.

Game seed: 5715109349443822869

242 Asceticacid the Insei (level 6, -3/32 HPs)
             Began as a Vine Stalker Monk on Feb 26, 2024.
             Slain by a killer bee (7 damage)
             ... on level 4 of the Dungeon.
             The game lasted 00:03:31 (2487 turns).

Asceticacid the Insei (Vine Stalker Monk)           Turns: 2487, Time: 00:03:32

Health: -3/32      AC:  2    Str: 15    XL:     6   Next: 9%
Magic:  0/7        EV: 13    Int: 10    God:
Gold:   169        SH:  0    Dex: 17    Spells: 5/5 levels left

rFire   + .          .
                       - Unarmed
rCold   + . .        c - orb {light}
rNeg    . . .        a - +0 robe
rPois   .            (no helmet)
rElec   .            r - scarf {rC+ rF+}
rCorr   +            (no gloves)
SInv    .            (no boots)
Will    .....        (no amulet)
Stlth   +            d - ring of resist corrosion
HPRegen 1.05/turn    (no ring)
MPRegen 0.10/turn

%: guardian spirit
@: lethally poisoned (-3 -> -3), weak-willed, glowing
A: fangs 2, regeneration 1, magic shield, antimagic bite, no potion heal 2
a: no special abilities


You were on level 4 of the Dungeon.
You visited 1 branch of the dungeon, and saw 4 of its levels.

You collected 169 gold pieces.

Inventory:

Armour
 a - a +0 robe (worn)
 c - an orb of light (worn)
 h - a +0 cloak
 r - a scarf of resistance (worn)
Jewellery
 d - a ring of resist corrosion (left hand)
Talismans
 q - a blade talisman
Scrolls
 i - a scroll of fear {unknown}
 j - a scroll of enchant weapon
 l - 4 scrolls of identify {unknown}
 o - 2 scrolls of fog {unknown}
 s - 2 scrolls of teleportation {unknown}
 t - a scroll of poison {unknown}
Potions
 b - 3 potions of ambrosia
 g - a potion of curing {unknown}
 k - a potion of enlightenment {unknown}
 m - a potion of magic {unknown}
 n - a potion of degeneration {unknown}
 p - 2 potions of invisibility {unknown}


   Skills:
 - Level 2.7 Fighting
 - Level 2.4 Dodging
 + Level 6.6 Unarmed Combat


You had 5 spell levels left.
You didn't know any spells.
Your spell library contained the following spells:

 Spells                   Type           Power      Damage    Failure   Level
 Manifold Assault         Tloc           0%         N/A       98%         4
 Dispersal                Tloc           0%         N/A       100%        6
 Disjunction              Tloc           0%         N/A       100%        8


Dungeon Overview and Level Annotations

Branches:
Dungeon (4/15)
 Temple: D:4-7

Altars:
The Shining One


Innate Abilities, Weirdness & Mutations

You have extremely sharp teeth.
Your natural rate of healing is unusually fast.
When hurt, damage is shared between your health and your magic reserves.
Your bite disrupts and absorbs the magic of your enemies.
Potions cannot restore your health.


Message History

The killer bee is severely wounded.
A killer bee comes into view.
The killer bee is engulfed in blazing flames.
Flame seeps out of the killer bee.
The killer bee stings you!
The killer bee is engulfed in blazing flames.
The killer bee explodes!
The fiery explosion engulfs you. You resist.
The fiery explosion engulfs the killer bee!
The killer bee explodes!
The fiery explosion engulfs the killer bee!
The killer bee is severely wounded.
You hear an angry buzzing noise.
You hear a shout!
You hear a bark!
Your Unarmed Combat skill increases to level 6!
You have reached level 5!
The killer bee buzzes angrily.
The killer bee is engulfed in blazing flames.
You kill the killer bee!
You have reached level 6!
You hit the killer bee. Your bite misses the killer bee.
The killer bee is lightly wounded.
The killer bee barely misses you. The killer bee stings you!
You are poisoned.
The killer bee poisons you!
Okay, then.
Okay, then.
Okay, then.
Okay, then.
Okay, then.
As you read the scroll labelled CADUPU HATHREES, it crumbles to dust.
It is a scroll of enchant weapon.
You aren't carrying any weapons that can be enchanted.
You feel sick. The killer bee stings you!
* * * LOW HITPOINT WARNING * * *
The killer bee closely misses you.
Okay, then.
Okay, then.
You closely miss the killer bee. Your bite misses the killer bee.
The killer bee is lightly wounded.
You feel sick. The killer bee stings you!
You die...

#... #..# ###
#..# #.#########
#..# #.@..§.§§y#
#..###y#######y#
#..##......# .y
#..##......##


#yy #<............ .. #####......... y #......#.. #......# . #......# You could
see 3 killer bees.

Vanquished Creatures
  3 killer bees (D:4)
  Natasha (D:3)
  3 adders
  3 dart slugs
  A ribbon worm (D:2)
  2 bats (D:1)
  12 endoplasms
  2 giant cockroaches
  3 goblins
  3 hobgoblins
  4 jackals (D:2)
  4 kobolds
  2 quokkas
  6 ball pythons
  A frilled lizard (D:1)
  2 rats
52 creatures vanquished.

Notes
Turn   | Place    | Note
-------+----------+-------------------------------------------
     0 | D:1      | Asceticacid the Vine Stalker Monk began the quest for the
                  | Orb.
     0 | D:1      | Reached XP level 1. HP: 11/11 MP: 2/2
    64 | D:1      | Found a faded altar of an unknown god.
   107 | D:1      | Reached XP level 2. HP: 14/16 MP: 3/3
   417 | D:1      | Reached skill level 4 in Unarmed Combat
   553 | D:2      | Reached XP level 3. HP: 10/19 MP: 1/4
  1553 | D:3      | Noticed Natasha
  1558 | D:3      | Killed Natasha
  1559 | D:3      | Reached skill level 5 in Unarmed Combat
  1559 | D:3      | Reached XP level 4. HP: 11/23 MP: 3/5
  1941 | D:3      | Found a glowing golden altar of the Shining One.
  2482 | D:4      | Reached skill level 6 in Unarmed Combat
  2482 | D:4      | Reached XP level 5. HP: 11/27 MP: 2/6
  2483 | D:4      | Reached XP level 6. HP: 14/32 MP: 2/7
  2487 | D:4      | Slain by a killer bee

Illustrated notes

Levels and vault maps discovered:
D:1:      enne_arrival_octagon_isle, layout_loops_ring, basic_ecumenical_altar
D:2:      layout_basic
D:3:      layout_basic, amcnicky_altar_gilded, saegor_snake_ambush, uniq_natasha
D:4:      layout_basic, mainiacjoe_overflow_paths, minmay_temple_entry_ruins,
          serial_shops, shop_scrolls

Skill      XL: |  1  2  3  4 |
---------------+-------------+-----
Unarmed Combat | 4 5 6 |  6.6
Fighting       | |  2.7
Dodging        | |  2.4

Action                     |  1- 3 |  4- 6 || total
---------------------------+-------+-------++-------
  Melee: Unarmed           |    75 |    33 ||   108
         Bite              |    24 |     9 ||    33
    Use: Scroll            |       |     3 ||     3
 Armour: Robe              |    40 |    20 ||    60
  Dodge: Dodged            |    42 |    14 ||    56

Table legend: (Time is in decaauts)
 A = Elapsed time spent in this place.
 B = Non-inter-level travel time spent in this place.
 C = Inter-level travel time spent in this place.
 D = Time resting spent in this place.
 E = Time spent auto-exploring this place.
 F = Levels seen in this place.
 G = Mean time per level.
                   A        B        C        D        E       F      G
               +--------+--------+--------+--------+--------+-----+--------+
         Total |   2502 |   2400 |    102 |     18 |   2011 |   4 |  625.5 |
       Dungeon |   2502 |   2400 |    102 |     18 |   2011 |   4 |  625.5 |
               +--------+--------+--------+--------+--------+-----+--------+

Top non-repeatable levels by time:
     D:3: 1139 daAuts
     D:2: 797 daAuts
     D:1: 541 daAuts
     D:4: 24 daAuts
